 Dungeon Crawl Stone Soup version 0.19.0-2-gae57169 (webtiles) character file.

16557 Monkfish the Unseen (level 12, -11/114 HPs)
             Began as a Kobold Berserker on Nov 6, 2016.
             Was a Priest of Trog.
             Mangled by an orc warrior
             ... wielding a +0 battleaxe
             ... led by an orc knight
              (31 damage)
             ... on level 1 of the Orcish Mines.
             The game lasted 00:25:51 (12383 turns).

Monkfish the Unseen (Kobold Berserker)             Turns: 12383, Time: 00:25:52

Health: -11/114    AC: 10    Str: 23    XL:     12   Next: 71%
Magic:  12/12      EV: 21    Int:  8    God:    Trog [***...]
Gold:   338        SH:  0    Dex: 19    Spells: 0 memorised, 11 levels left

rFire  . . .     SeeInvis .     s - +4 short sword (freeze)
rCold  . . .     Gourm    .     D - +2 ring mail of Ovuy {Str+3}
rNeg   + . .     Faith    +     (shield restricted)
rPois  .         Spirit   .     K - +2 hat {MR+}
rElec  .         Reflect  .     c - +0 cloak {MR+}
rCorr  .         Harm     .     (no gloves)
MR     +++..                    (no boots)
Stlth  ..........               y - amulet of faith
                                C - ring of positive energy
                                h - ring of protection from magic

@: berserking, very quick
A: carnivore 3
a: Berserk, Trog's Hand, Burn Spellbooks, Renounce Religion


You were on level 1 of the Orcish Mines.
You worshipped Trog.
Trog was most pleased with you.
You were not hungry.

You visited 3 branches of the dungeon, and saw 15 of its levels.
You also visited: Labyrinth and Sewer.

You collected 590 gold pieces.
You spent 252 gold pieces at shops.

Inventory:

Hand Weapons
 s - a +4 short sword of freezing (weapon)
 u - a +3 dagger of protection
Armour
 c - a +0 cloak of magic resistance (worn)
 z - the -3 pair of boots of the Sunfish {rF++ rC+}
   (You found it on level 10 of the Dungeon)

   It greatly protects you from fire.
   It protects you from cold.
 A - a +0 troll leather armour
 D - the +2 ring mail of Ovuy (worn) {Str+3}
   (You bought it in a shop on level 4 of the Dungeon)

   It affects your strength (+3).
 K - a +2 hat of magic resistance (worn)
Jewellery
 h - a ring of protection from magic (left hand)
 y - an amulet of faith (around neck)
 C - a ring of positive energy (right hand)
 I - an uncursed ring of resist corrosion
Wands
 n - a wand of flame (48/48)
 v - a wand of lightning (12/15)
 w - a wand of digging (5/24)
 G - a wand of confusion (35/48)
Scrolls
 a - a scroll of remove curse
 g - 4 scrolls of immolation
 j - 6 scrolls of teleportation
 l - 2 scrolls of magic mapping
 m - 5 scrolls of recharging
 o - 3 scrolls of fog
 p - 2 scrolls of blinking
Potions
 b - a potion of mutation
 e - a potion of magic
 i - 3 potions of might
 r - 2 potions of heal wounds
 t - a potion of curing
 x - 2 potions of flight
Comestibles
 d - 5 meat rations
 f - 10 beef jerkies
 k - a royal jelly


   Skills:
 + Level 9.3 Fighting
 + Level 12.8 Short Blades
 - Level 1.5 Armour
 + Level 9.7 Dodging
 * Level 17.6 Stealth


You had 11 spell levels left.
You didn't know any spells.

Dungeon Overview and Level Annotations

Branches:
Dungeon (11/15)            Temple (0/1) D:5            Lair (2/6) D:11
 Spider (0/4) Lair:2          Orc (2/2) D:11
  Swamp: Lair:2-4    Shoals: Lair:2-4       Elf: Orc:2

Altars:
Cheibriados
Dithmenos
Fedhas
Gozag
Makhleb
Okawaru
Sif Muna
Trog
Vehumet
Xom
Yredelemnul
Zin
The Shining One

Shops:
D:4 *

Annotations:
Orc:2 BadBadger's ghost, journeyman OgBe


Innate Abilities, Weirdness & Mutations

You are small and have problems with some larger weapons.
You are carnivorous and can eat meat at any time.


Message History

The orc priest hits you with a dagger!
* * * LOW HITPOINT WARNING * * *
The orc warrior misses you.
You climb upwards.
There is a stone staircase leading down here.
A red film seems to cover your vision as you go berserk!
You feel yourself moving faster!
You feel mighty!
You feel a lot more hungry.
The orc priest invokes the aid of Beogh against you.
Beogh smites you!
* * * LOW HITPOINT WARNING * * *
The orc warrior completely misses you.
You puncture the orc priest! You freeze the orc priest.
You kill the orc priest!
Trog accepts your kill.
You hit the orc warrior. You freeze the orc warrior.
The orc warrior is moderately wounded.
You closely miss the orc warrior.
The orc warrior is moderately wounded.
The orc warrior hits you with a battleaxe!!
You die...

### #### ####
##.###..# #..####
#.....[[######....##
##....)..#.........#
###...[...........##
#.#.o.............#.
#..@...<.......#...#
#..).#..#.....####..
##..#...#.....##...#
#............#.....
##.......#.........
##.....##.........
##....###.....###
#....# ##...##
###.## ##...#


You could see an orc warrior.

Vanquished Creatures
  Gastronok (Lair:1)
  A minotaur (Lab)
  Erolcha (D:10)
  Nergalle (Lair:1)
  An unseen horror (D:11)
  Pikel (D:7)
  2 hill giants (D:10)
  A manticore (D:11)
  2 spiny frogs
  3 trolls
  A two-headed ogre (D:9)
  3 hippogriffs
  18 yaks
  A wyvern (D:11)
  A wraith (D:10)
  4 porcupines
  Duvessa (D:5)
  A hornet zombie (D:11)
  3 ice beasts
  2 sky beasts
  5 orc warriors
  A necrophage (D:6)
  2 black bears (D:9)
  4 ogres
  3 centaurs
  A crocodile (Lair:1)
  An elf zombie (D:4)
  A big kobold (D:7)
  8 bullfrogs
  An elf skeleton (D:4)
  Dowan (D:5)
  4 scorpions
  6 killer bees (D:9)
  5 wights (D:7)
  2 howler monkeys (D:7)
  5 crimson imps
  A bullfrog zombie (D:10)
  4 orc priests
  3 jellies
  Crazy Yiuf (D:3)
  2 centaur skeletons
  5 hounds
  2 iguanas
  10 orc wizards
  2 hell rats (D:11)
  6 worker ants
  A human skeleton (D:4)
  2 hound skeletons
  A howler monkey zombie (D:7)
  15 gnolls
  14 adders
  5 river rats
  3 shadow imps
  2 oozes
  A worm (Lair:2)
  2 dart slugs
  5 leopard geckos
  36 orcs
  15 ball pythons
  6 bats
  6 giant cockroaches
  2 goblins
  5 hobgoblins
  9 jackals
  4 quokkas
  11 frilled lizards
  13 kobolds
  An orc skeleton (D:4)
  2 orc zombies (D:4)
  A quokka skeleton (D:8)
  29 rats
326 creatures vanquished.

Notes
Turn   | Place    | Note
-------+----------+-------------------------------------------
     0 | D:1      | Monkfish the Kobold Berserker began the quest for the Orb.
     0 | D:1      | Reached XP level 1. HP: 14/14 MP: 1/1
    24 | D:1      | Reached skill level 1 in Stealth
    77 | D:1      | Reached XP level 2. HP: 19/19 MP: 2/2
   453 | D:1      | Reached XP level 3. HP: 21/24 MP: 3/3
   457 | D:1      | Reached skill level 2 in Stealth
   900 | D:2      | Found a burning altar of Makhleb.
   903 | D:2      | Found a radiant altar of Vehumet.
  1026 | D:2      | Reached XP level 4. HP: 21/29 MP: 4/4
  1059 | D:2      | Reached ** piety under Trog
  1073 | D:2      | Reached skill level 3 in Stealth
  1482 | D:3      | Found a snail-covered altar of Cheibriados.
  1498 | D:3      | Reached skill level 5 in Short Blades
  1498 | D:3      | Reached XP level 5. HP: 5/33 MP: 5/5
  1500 | D:3      | Reached skill level 4 in Stealth
  1977 | D:3      | Found a runed door.
  2042 | D:3      | Reached skill level 5 in Stealth
  2042 | D:3      | Reached XP level 6. HP: 34/38 MP: 6/6
  2229 | D:3      | Found an opulent altar of Gozag.
  2237 | D:3      | Found a shimmering altar of Xom.
  2496 | D:3      | Noticed Crazy Yiuf
  2504 | D:3      | Killed Crazy Yiuf
  2645 | D:4      | Found a glowing drain.
  2698 | Sewer    | Entered a sewer
  2892 | Sewer    | Reached *** piety under Trog
  3061 | Sewer    | Reached skill level 6 in Stealth
  3061 | Sewer    | Reached XP level 7. HP: 43/43 MP: 7/7
  3748 | D:4      | Found Rel Zec's Assorted Antiques.
  3796 | D:4      | Reached XP level 8. HP: 42/48 MP: 8/8
  3836 | D:4      | Reached skill level 7 in Stealth
  4161 | D:5      | Entered Level 5 of the Dungeon
  4226 | D:5      | Noticed Duvessa
  4226 | D:5      | Noticed Dowan
  4236 | D:5      | Killed Duvessa
  4236 | D:5      | Reached skill level 5 in Dodging
  4262 | D:5      | Reached skill level 5 in Fighting
  4284 | D:5      | Reached skill level 8 in Stealth
  4304 | D:5      | Killed Dowan
  4406 | D:5      | Found a staircase to the Ecumenical Temple.
  4454 | D:5      | Found a blossoming altar of Fedhas.
  5304 | D:6      | Reached XP level 9. HP: 54/54 MP: 9/9
  5448 | D:6      | Reached skill level 9 in Stealth
  5662 | D:6      | Found a deep blue altar of Sif Muna.
  5686 | D:6      | Found a glowing golden altar of the Shining One.
  6119 | D:7      | Reached **** piety under Trog
  6135 | D:7      | Reached skill level 10 in Stealth
  6157 | D:7      | Found a shadowy altar of Dithmenos.
  6544 | D:7      | Noticed Pikel
  6577 | D:7      | Killed Pikel
  6577 | D:7      | Reached skill level 10 in Short Blades
  6577 | D:7      | Reached skill level 11 in Stealth
  6577 | D:7      | Reached XP level 10. HP: 60/60 MP: 10/10
  6870 | D:7      | Found a glowing silver altar of Zin.
  6872 | D:7      | Found an iron altar of Okawaru.
  7486 | D:8      | Reached skill level 12 in Stealth
  8316 | D:9      | Found a bloodstained altar of Trog.
  8625 | D:9      | Reached skill level 13 in Stealth
  8717 | D:9      | Reached XP level 11. HP: 67/67 MP: 11/11
  8756 | D:9      | Reached skill level 14 in Stealth
  8971 | D:10     | Entered Level 10 of the Dungeon
  9020 | D:10     | Noticed a hill giant
  9023 | D:10     | Killed a hill giant
  9054 | D:10     | Found a basalt altar of Yredelemnul.
  9090 | D:10     | Reached ***** piety under Trog
  9148 | D:10     | Noticed Erolcha
  9169 | D:10     | Killed Erolcha
  9169 | D:10     | Reached skill level 15 in Stealth
  9263 | D:10     | Noticed a hill giant
  9270 | D:10     | Killed a hill giant
  9408 | D:10     | Got a pair of brightly glowing boots
  9414 | D:10     | Identified the cursed -3 pair of boots of the Sunfish {rF++ rC+} (You found it on level 10 of the Dungeon)
  9648 | D:11     | Reached skill level 16 in Stealth
  9669 | D:11     | Killed an unseen horror
  9735 | D:11     | Found a staircase to the Lair.
 10061 | D:4      | Bought a fine ring mail for 252 gold pieces
 10071 | D:4      | Identified the +2 ring mail of Ovuy {Str+3} (You bought it in a shop on level 4 of the Dungeon)
 10366 | D:11     | Found a staircase to the Orcish Mines.
 10485 | D:11     | Noticed a manticore
 10515 | D:11     | Killed a manticore
 10515 | D:11     | Reached XP level 12. HP: 46/73 MP: 12/12
 11033 | Lair:1   | Entered Level 1 of the Lair of Beasts
 11081 | Lair:1   | Noticed Nergalle
 11097 | Lair:1   | Killed Nergalle
 11185 | Lair:1   | Reached skill level 17 in Stealth
 11257 | Lair:1   | Noticed Gastronok
 11280 | Lair:1   | Killed Gastronok
 11659 | Lair:1   | You fall through a shaft!
 11659 | Lair:2   | Noticed a death yak
 11659 | Lair:2   | Noticed a death yak
 11659 | Lair:2   | Noticed a death yak
 11659 | Lair:2   | Noticed a death yak
 11659 | Lair:2   | Noticed a death yak
 11682 | Lair:2   | Found a labyrinth entrance.
 11689 | Lab      | Entered a labyrinth
 11825 | Lab      | Noticed a minotaur
 11837 | Lab      | Killed a minotaur
 12219 | Lair:2   | Noticed a four-headed hydra
 12292 | Orc:1    | Entered Level 1 of the Orcish Mines
 12373 | Orc:2    | Entered Level 2 of the Orcish Mines
 12373 | Orc:2    | Noticed BadBadger's ghost (journeyman OgBe)
 12383 | Orc:1    | Mangled by an orc warrior

Skill      XL: |  1  2  3  4  5  6  7  8  9 10 11 12 |
---------------+-------------------------------------+-----
Stealth        | 1 2 3 5 6 8 11 13 16 17 | 17.6
Short Blades   | 5 6 7 8 10 11 12 | 12.8
Dodging        | 3 4 6 7 8 9 |  9.7
Fighting       | 4 5 6 7 9 |  9.3
Armour         | |  1.5

Action                   |  1- 3 |  4- 6 |  7- 9 | 10-12 || total
-------------------------+-------+-------+-------+-------++-------
Melee: Short sword       |    87 |   243 |   416 |   534 ||  1280
Invok: Berserk           |     2 |     6 |     5 |    14 ||    27
       Trog's Hand       |       |     4 |     7 |    17 ||    28
       Burn Spellbooks   |       |       |       |     1 ||     1
  Use: Scroll            |     2 |     9 |    12 |     6 ||    29
       Potion            |     2 |     2 |     4 |     4 ||    12
 Stab: Sleeping          |     3 |     8 |    19 |    30 ||    60
       Distracted        |       |       |     1 |     3 ||     4
  Eat: Chunk             |     3 |    14 |    13 |    29 ||    59
       Meat ration       |       |     1 |       |     1 ||     2
       Beef jerky        |       |       |       |     1 ||     1
       Pizza             |       |       |       |     1 ||     1
Armor: Animal skin       |    20 |     2 |       |       ||    22
       Leather armour    |       |    76 |    45 |    18 ||   139
       Troll leather arm |       |       |       |    20 ||    20
       Ring mail         |       |       |       |    15 ||    15
Dodge: Dodged            |    86 |   245 |   264 |   300 ||   895
